 Dungeon Crawl Stone Soup version 0.30.0-5-g1a98f26d00 (webtiles) character file.

Game seed: 4272621448643950819

1847 retardedninja the Magician (level 9, 0/65 HPs)
             Began as a Gnoll Fire Elementalist on May 8, 2023.
             Was a Follower of Cheibriados.
             Slain by a yak (9 damage)
             ... on level 8 of the Dungeon.
             The game lasted 00:12:42 (9740 turns).

retardedninja the Magician (GnFE)                   Turns: 9740, Time: 00:12:42

Health: 0/65       AC: 10    Str: 10    XL:     9   Next: 12%
Magic:  3/18       EV: 15    Int: 23    God:    Cheibriados [*.....]
Gold:   220        SH:  0    Dex: 15    Spells: 11/21 levels left

rFire   . . .        i - +0 halberd (freeze)
rCold   . . .        (shield currently unavailable)
rNeg    . . .        a - +2 robe
rPois   +            y - +2 helmet
rElec   .            (no cloak)
rCorr   .            j - +0 pair of gloves
SInv    .            s - +1 pair of boots {Stlth+}
Will    .....        z - amulet of the acrobat
Stlth   ++++         k - ring of poison resistance
HPRegen 0.30/turn    x - ring of wizardry
MPRegen 0.16/turn

%: acrobat, wizardry (x1)
@: very slow
A: fangs 1, strong nose, distributed training
a: Renounce Religion, Bend Time


You were on level 8 of the Dungeon.
You worshipped Cheibriados.
Cheibriados was aware of your devotion.
You visited 1 branch of the dungeon, and saw 8 of its levels.

You collected 325 gold pieces.
You spent 105 gold pieces at shops.

Inventory:

Hand Weapons
 i - a +0 halberd of freezing (weapon)
Armour
 a - a +2 robe (worn)
 j - a +0 pair of gloves (worn)
 s - a +1 pair of boots of stealth (worn)
 y - a +2 helmet (worn)
Jewellery
 k - a ring of poison resistance (left hand)
 x - a ring of wizardry (right hand)
 z - an amulet of the acrobat (around neck)
Wands
 m - a wand of paralysis (8)
Scrolls
 c - a scroll of fear
 e - a scroll of teleportation
 n - a scroll of magic mapping
 q - 3 scrolls of poison
 r - a scroll of amnesia
Potions
 b - 2 potions of magic
 d - 2 potions of ambrosia
 f - a potion of berserk rage {unknown}
 l - a potion of attraction
 p - 6 potions of curing
 t - 2 potions of heal wounds
 u - 3 potions of resistance
 v - a potion of cancellation {unknown}
 w - 2 potions of mutation
 A - a potion of lignification {unknown}


   Skills:
 + Level 4.1 Fighting
 + Level 4.1 Short Blades
 + Level 4.1 Long Blades
 + Level 4.1 Axes
 + Level 4.1 Maces & Flails
 + Level 4.1 Polearms
 + Level 4.1 Staves
 + Level 4.1 Ranged Weapons
 + Level 4.1 Throwing
 + Level 4.1 Armour
 + Level 6.2 Dodging
 + Level 5.9 Stealth
 + Level 4.1 Shields
 + Level 4.1 Unarmed Combat
 + Level 6.5 Spellcasting
 + Level 4.0 Conjurations
 + Level 3.3 Hexes
 + Level 3.3 Summonings
 + Level 3.3 Necromancy
 + Level 3.3 Translocations
 + Level 3.3 Transmutations
 + Level 6.5 Fire Magic
 + Level 3.3 Ice Magic
 + Level 3.3 Air Magic
 + Level 3.3 Earth Magic
 + Level 3.3 Poison Magic
 + Level 4.5 Invocations
 + Level 4.1 Evocations


You had 11 spell levels left.
You knew the following spells:

 Your Spells              Type           Power      Damage    Failure   Level
a - Foxfire               Conj/Fire      100%       2x1d9     1%          1
b - Scorch                Fire           74%        2d8       1%          2
c - Flame Wave            Conj/Fire      31%        2d9       3%          4
d - Inner Flame           Hex/Fire       30%        N/A       1%          3

Your spell library contained the following spells:

 Spells                   Type           Power      Damage    Failure   Level
 Magic Dart               Conj           100%       1d8       1%          1
 Necrotise                Necr           92%        1d8       1%          1
 Blink                    Tloc           46%        N/A       1%          2
 Call Imp                 Summ           46%        N/A       1%          2
 Lesser Beckoning         Tloc           46%        N/A       1%          2
 Momentum Strike          Conj/Tloc      48%        3d9       1%          2
 Volatile Blastmotes      Fire/Tloc      60%        2d15      1%          3
 Call Canine Familiar     Summ           23%        N/A       2%          3
 Mephitic Cloud           Conj/Pois/Air  24%        N/A       2%          3
 Portal Projectile        Hex/Tloc       46%        N/A       2%          3
 Vampiric Draining        Necr           23%        2d7       2%          3
 Leda's Liquefaction      Hex/Erth       11%        N/A       9%          4
 Agony                    Necr           23%        N/A       22%         5


Dungeon Overview and Level Annotations

Branches:
Dungeon (8/15)             Temple (0/1) D:6
   Lair: D:8-11

Altars:
Ashenzari
Cheibriados
Elyvilon
Gozag
Hepliaklqana
Okawaru
Qazlal
Sif Muna
Wu Jian
Xom
Yredelemnul

Shops:
D:6 ?**[

Annotations:
D:3 1 runed translucent door, jejorda2's ghost, weakling VSBe
D:4 1 runed translucent door, Dinohead20's ghost, novice TeCj


Innate Abilities, Weirdness & Mutations

You have very sharp teeth.
Your uncanny sense of smell can sniff out nearby items.
Your experience applies equally to all skills.


Message History

A wave of flame ripples out!
The flame wave engulfs the yak.
The yak is lightly wounded. (Press . to intensify the flame waves.)
The yak gores you.
A wave of flame ripples out!
The flame wave engulfs the yak!
The yak is moderately wounded.
The flame wave engulfs the yak!
The yak is heavily wounded.
The flame wave engulfs the yak!
The yak is heavily wounded.
The flame wave engulfs the orc!
You kill the orc!
Cheibriados appreciates the change of pace.
The yak gores you but does no damage. The yak misses you.
A wave of flame ripples out!
The flame wave engulfs the yak!
The yak is heavily wounded.
The flame wave engulfs the yak!
The yak is severely wounded.
The flame wave engulfs the yak!
The yak is severely wounded.
You finish channelling waves of flame.
The yak barely misses you. The yak gores you! The yak misses you.
The yak completely misses you.
Unknown command.
The yak gores you! The yak gores you but does no damage.
The yak completely misses you.
Casting: Flame Wave (dangerous; 3% risk of failure)
Confirm with . or Enter, or press ? or * to list all spells.
Casting: Flame Wave (dangerous; 3% risk of failure)
Press: ? - help, Dir - look around, f - activate A wave of flame ripples out!
The flame wave engulfs the yak.
The yak is severely wounded.
The flame wave engulfs the yak!
The yak is almost dead.
The flame wave engulfs the yak.
The yak is almost dead. (Press . to intensify the flame waves.)
The yak gores you!
* * * LOW HITPOINT WARNING * * *
The yak gores you but does no damage. The yak gores you!
You die...

#..#..## ##..##..##
#.^.###..### #..##
###..## ..... ##..#
##..# .......
###..## ##.#
#...... ###.....#
### #......
###..YY...##
#....###....Y@....#
#..........)###...#
..##.........###
#...##
..........Y###
#....##
..........##
#...<.# ......†.###
##....# .......##
#.......# .......
............
...Y..#
###########..


You could see 4 yaks.

Vanquished Creatures
  A wyvern (D:8)
  A steam dragon (D:8)
  An acid dragon (D:8)
  A water moccasin (D:7)
  2 sky beasts
  3 black bears
  A centaur (D:5)
  An ogre (D:5)
  2 bullfrogs
  A scorpion (D:5)
  An orc priest (D:6)
  5 hounds
  A sleepcap (D:6)
  4 orc wizards
  4 gnolls
  10 adders
  A white imp (D:7)
  2 worms
  2 dart slugs
  18 orcs
  5 ball pythons
  9 bats
  8 endoplasms
  2 giant cockroaches
  4 goblins
  7 hobgoblins
  2 quokkas
  4 frilled lizards
  6 kobolds
  10 rats
119 creatures vanquished.

Vanquished Creatures (collateral kills)
  A foxfire (D:8)
1 creature vanquished.

Vanquished Creatures (others)
  A butterfly (D:6)
  523 foxfires
524 creatures vanquished.

Grand Total: 644 creatures vanquished

Notes
Turn   | Place    | Note
-------+----------+-------------------------------------------
     0 | D:1      | retardedninja the Gnoll Fire Elementalist began the quest
                  | for the Orb.
     0 | D:1      | Reached XP level 1. HP: 13/13 MP: 6/6
   168 | D:1      | Reached XP level 2. HP: 16/19 MP: 4/7
   231 | D:1      | Found a faded altar of an unknown god.
   836 | D:1      | Reached skill level 5 in Spellcasting
   836 | D:1      | Reached XP level 3. HP: 14/25 MP: 2/9
  1068 | D:1      | Reached skill level 1 in Invocations
  1513 | D:2      | Found an iron altar of Okawaru.
  1589 | D:2      | Reached skill level 1 in Fighting
  1589 | D:2      | Reached skill level 1 in Short Blades
  1589 | D:2      | Reached skill level 1 in Long Blades
  1589 | D:2      | Reached skill level 1 in Axes
  1589 | D:2      | Reached skill level 1 in Maces & Flails
  1589 | D:2      | Reached skill level 1 in Polearms
  1589 | D:2      | Reached skill level 1 in Staves
  1589 | D:2      | Reached skill level 1 in Ranged Weapons
  1589 | D:2      | Reached skill level 1 in Throwing
  1589 | D:2      | Reached skill level 1 in Armour
  1589 | D:2      | Reached skill level 1 in Shields
  1589 | D:2      | Reached skill level 1 in Unarmed Combat
  1589 | D:2      | Reached skill level 1 in Evocations
  1803 | D:1      | Learned a level 2 spell: Scorch
  1848 | D:2      | Reached XP level 4. HP: 32/32 MP: 6/11
  2028 | D:2      | Reached skill level 1 in Hexes
  2028 | D:2      | Reached skill level 1 in Summonings
  2028 | D:2      | Reached skill level 1 in Necromancy
  2028 | D:2      | Reached skill level 1 in Translocations
  2028 | D:2      | Reached skill level 1 in Transmutations
  2028 | D:2      | Reached skill level 1 in Ice Magic
  2028 | D:2      | Reached skill level 1 in Air Magic
  2028 | D:2      | Reached skill level 1 in Earth Magic
  2028 | D:2      | Reached skill level 1 in Poison Magic
  2913 | D:3      | Found a runed translucent door.
  3019 | D:3      | Found a shimmering altar of Xom.
  3165 | D:3      | Reached XP level 5. HP: 37/37 MP: 8/12
  3781 | D:3      | Noticed jejorda2's ghost (weakling VSBe)
  4606 | D:4      | Learned a level 4 spell: Flame Wave
  4612 | D:3      | Learned a level 3 spell: Inner Flame
  4719 | D:4      | Found a large runed translucent door.
  4720 | D:4      | Found a large runed translucent door.
  4754 | D:4      | Found a broken altar of Ashenzari.
  4900 | D:4      | Found a snail-covered altar of Cheibriados.
  4907 | D:4      | Became a worshipper of Cheibriados the Contemplative
  5003 | D:4      | Found an ornate altar of the Wu Jian Council.
  5080 | D:4      | Reached XP level 6. HP: 44/44 MP: 11/14
  5108 | D:4      | Noticed a black bear
  5113 | D:4      | Killed a black bear
  5114 | D:4      | Reached skill level 5 in Dodging
  5209 | D:4      | Found a runed translucent door.
  5210 | D:4      | Noticed Dinohead20's ghost (novice TeCj)
  5424 | D:5      | Entered Level 5 of the Dungeon
  5606 | D:5      | Reached XP level 7. HP: 48/51 MP: 10/15
  5744 | D:5      | Found an opulent altar of Gozag.
  6178 | D:5      | Reached skill level 5 in Stealth
  6451 | D:5      | Found a hazy altar of Hepliaklqana.
  6533 | D:5      | Reached * piety under Cheibriados
  6771 | D:5      | Found a basalt altar of Yredelemnul.
  6830 | D:6      | Found Kumeamm's Magic Scroll Emporium.
  6920 | D:6      | Bought a scroll of enchant armour for 105 gold pieces
  6960 | D:6      | Found Lejoull's Assorted Antiques.
  6971 | D:6      | Reached XP level 8. HP: 58/58 MP: 11/16
  7012 | D:6      | Found a white marble altar of Elyvilon.
  7053 | D:6      | Found Giekherph's Armour Shop.
  7113 | D:6      | Found a shimmering blue altar of Sif Muna.
  7970 | D:6      | Found a staircase to the Ecumenical Temple.
  8025 | D:6      | Found Ronon's General Store.
  8775 | D:7      | Found a stormy altar of Qazlal.
  9575 | D:8      | Noticed a wyvern
  9597 | D:8      | Killed a wyvern
  9598 | D:8      | Reached XP level 9. HP: 55/65 MP: 7/18
  9740 | D:8      | Slain by a yak

Illustrated notes

Levels and vault maps discovered:
D:1:      minmay_arrival_jagged, layout_basic,
          hellmonk_ecumenical_altar_run_dry, reono_crystal_passage,
          minmay_crystal_water
D:2:      layout_basic, basic_altar
D:3:      layout_basic, lemuel_tele_altar, serial_rivers,
          chequers_serial_rivers_micro_c, chequers_serial_rivers_small_a,
          chequers_serial_rivers_small_b, chequers_serial_rivers_marsh,
          ebering_ghost_reflecting_pool
D:4:      layout_gridville, nzn_wu_jian_council_hall, jmf_multi_god_temple2,
          gammafunk_ghost_grave, grunt_ministairs_14
D:5:      layout_loops_corners, old_standard_altar,
          worldfamousw_hep_ancestral_shrine, kennysheep_little_box
D:6:      layout_cave_pods, old_standard_altar, elyvilon_altar_4,
          minmay_temple_entry_butterflies, serial_shops,
          nicolae_shop_just_a_little_nook, shop_fountains, shop, shop
D:7:      layout_basic, general_overflow_altar
D:8:      minmay_cut_squares, layout_cave_pods, due_lair_maze_entry_diamond,
          uniq_maggie, uniq_joseph, uniq_gastronok, uniq_amaemon

Skill      XL: |  1  2  3  4  5  6  7  8 |
---------------+-------------------------+-----
Conjurations   | 2 3 4 |  4.0
Spellcasting   | 5 6 |  6.5
Invocations    | 1 2 3 4 |  4.5
Fighting       | 1 2 3 4 |  4.1
Short Blades   | 1 2 3 4 |  4.1
Long Blades    | 1 2 3 4 |  4.1
Axes           | 1 2 3 4 |  4.1
Maces & Flails | 1 2 3 4 |  4.1
Polearms       | 1 2 3 4 |  4.1
Staves         | 1 2 3 4 |  4.1
Ranged Weapons | 1 2 3 4 |  4.1
Throwing       | 1 2 3 4 |  4.1
Armour         | 1 2 3 4 |  4.1
Shields        | 1 2 3 4 |  4.1
Unarmed Combat | 1 2 3 4 |  4.1
Evocations     | 1 2 3 4 |  4.1
Hexes          | 1 2 3 |  3.3
Summonings     | 1 2 3 |  3.3
Necromancy     | 1 2 3 |  3.3
Translocations | 1 2 3 |  3.3
Transmutations | 1 2 3 |  3.3
Ice Magic      | 1 2 3 |  3.3
Air Magic      | 1 2 3 |  3.3
Earth Magic    | 1 2 3 |  3.3
Poison Magic   | 1 2 3 |  3.3
Dodging        | 5 6 |  6.2
Stealth        | 5 |  5.9
Fire Magic     | 6 |  6.5

Action                     |  1- 3 |  4- 6 |  7- 9 || total
---------------------------+-------+-------+-------++-------
  Melee: Spear             |       |     2 |       ||     2
         Bite              |       |     1 |     1 ||     2
         Halberd           |       |     7 |    16 ||    23
   Cast: Foxfire           |    92 |   127 |   108 ||   327
         Scorch            |     2 |    14 |    26 ||    42
         Flame Wave        |       |       |     3 ||     3
  Evoke: Wand              |       |       |     2 ||     2
    Use: Scroll            |       |     7 |    13 ||    20
   Stab: Paralysed         |       |       |     2 ||     2
 Armour: Robe              |     3 |     3 |    26 ||    32
  Dodge: Dodged            |    17 |    37 |   106 ||   160
